 Dungeon Sprint DCSS version 0.26-a0-708-g17f3b190f9 (webtiles) character file.

Game seed: 3235880121746008781

6708 mhtbhm the Bludgeoner (level 11, -10/96 HPs)
             Began as a Formicid Fighter on Oct 28, 2020.
             Was the Champion of Makhleb.
             Killed from afar by a lindwurm (24 damage)
             ... with a blast of flame
             ... in the Dungeon (Sprint IX: "|||||||||||||||||||||||||||||").
             The game lasted 00:01:34 (1082 turns).

mhtbhm the Bludgeoner (Formicid Fighter)            Turns: 1082, Time: 00:01:35

Health: -10/96     AC: 15    Str: 24    XL:     11   Next: 23%
Magic:  11/11      EV: 10    Int: 11    God:    Makhleb [******]
Gold:   0          SH: 14    Dex: 13    Spells: 10/10 levels left

rFire    . . .     SeeInvis +   a - +2 dire flail (vorpal)
rCold    . . .     Faith    .   c - +0 kite shield
rNeg     . . .     Spirit   .   b - +1 chain mail
rPois    .         Reflect  .   (helmet unavailable)
rElec    .         Harm     .   (no cloak)
rCorr    .         Rampage  .   l - +0 pair of gloves
MR       +....                  (no boots)
Stlth    ..........             (no amulet)
HPRegen  0.26/turn              m - +3 ring of intelligence
MPRegen  0.12/turn              n - +3 ring of dexterity

@: no status effects
A: permanent stasis, dig shafts and tunnels, four strong arms, antennae 3
a: Dig, Minor Destruction, Lesser Servant of Makhleb, Major Destruction, Greater
Servant of Makhleb, Renounce Religion


You were in the Dungeon.
You worshipped Makhleb.
Makhleb was exalted by your worship.
You visited 1 branch

Inventory:

Hand Weapons
 a - a +2 vorpal dire flail (weapon)
Armour
 b - a +1 chain mail (worn)
 c - a +0 kite shield (worn)
 l - a +0 pair of gloves (worn)
Jewellery
 m - a +3 ring of intelligence (left hand)
 n - a +3 ring of dexterity (right hand)
Wands
 k - a wand of iceblast (10)
Scrolls
 i - 3 scrolls of remove curse
 j - 2 scrolls of amnesia
 q - 3 scrolls of enchant armour
 r - a scroll of identify
 s - a scroll of fog
 t - a scroll of fear
 u - 2 scrolls of enchant weapon
Potions
 d - a potion of might
 e - 4 potions of curing
 f - 3 potions of heal wounds
 g - 4 potions of magic
 h - 2 potions of invisibility
 o - 2 potions of brilliance
 p - a potion of stabbing


   Skills:
 + Level 12.5 Fighting
 + Level 15.7 Maces & Flails
 + Level 13.2 Armour
 + Level 3.3 Dodging
 + Level 13.6 Shields


You had 10 spell levels left.
You didn't know any spells.
Your spell library was empty.

Dungeon Overview and Level Annotations

Branches:
Dungeon (1/1)

Altars:
Cheibriados
Dithmenos
Elyvilon
Fedhas
Gozag
Hepliaklqana
Kikubaaqudgha
Makhleb
Nemelex Xobeh
Okawaru
Qazlal
Ru
Sif Muna
Trog
Uskayaw
Vehumet
Wu Jian
Xom
Yredelemnul
Zin
The Shining One
Beogh
Jiyva
Lugonu


Innate Abilities, Weirdness & Mutations

You cannot be hasted, slowed, berserked, paralysed or teleported.
You can dig through walls and to a lower floor.
Your four strong arms can wield two-handed weapons with a shield.
You have a pair of large antennae on your head. (SInv)


Message History

* * * LOW HITPOINT WARNING * * *
Your chain mail prevents you from hitting the lindwurm.
The lindwurm is moderately wounded.
You sock the lindwurm!
The lindwurm is heavily wounded.
The lindwurm bites you!
* * * LOW HITPOINT WARNING * * *
The lindwurm claws you but does no damage.
You block the lindwurm's attack.
You barely miss the lindwurm.
The lindwurm is heavily wounded.
You closely miss the lindwurm.
The lindwurm is heavily wounded.
The lindwurm barely misses you. You block the lindwurm's attack.
The lindwurm barely misses you.
You hit the lindwurm but do no damage.
The lindwurm is heavily wounded.
The lindwurm breathes flames at you. The blast of flame hits you!!
You die...

{
▓.▓.▓_▓
{
▓.▓.▓_▓
{
▓.▓.▓_▓
{
▓.▓.▓_▓
{
▓.▓.▓_▓
▓.▓.▓_▓
{
▓†▓.▓'▓
{
▓†▓.▓.▓
{
▓@▓.▓?▓
{
▓k▓.▓)▓
{
▓w▓.▓.▓
▓w▓.▓[▓
{
▓w▓.▓[▓
▓.▓.▓.▓
{
▓.▓.▓†▓
▓!▓.▓)▓
{ ▓.▓'▓


You could see 2 tyrant leeches, a lindwurm (catching breath) and a worm.

Vanquished Creatures
  A hydra (D)
  A lindwurm (D)
  An elephant (D)
  2 black mambas (D)
  5 cane toads (D)
  A gargoyle (D)
  2 tyrant leeches (D)
  A polar bear (D)
  A hornet (D)
  3 blink frogs (D)
  2 wyverns (D)
  2 yaks (D)
  2 basilisks (D)
  A water moccasin (D)
  An ice beast (D)
  A phantom (D)
  A necrophage (D)
  A centaur (D)
  A bullfrog (D)
  A scorpion (D)
  A jelly (D)
  2 worker ants (D)
  2 adders (D)
  A worm (D)
  A bat skeleton (D)
  2 goblins (D)
  A jackal (D)
  A bat (D)
  2 kobolds (D)
44 creatures vanquished.

Notes
Turn   | Place    | Note
-------+----------+-------------------------------------------
     0 | D        | mhtbhm the Formicid Fighter began the quest for the Orb.
     0 | D        | Reached XP level 1. HP: 18/18 MP: 1/1
    20 | D        | Noticed a worker ant
    20 | D        | Noticed a worker ant
    30 | D        | Reached XP level 2. HP: 25/25 MP: 2/2
    37 | D        | Reached skill level 3 in Maces & Flails
    37 | D        | Reached skill level 5 in Shields
    37 | D        | Reached XP level 3. HP: 19/32 MP: 3/3
    41 | D        | Reached skill level 5 in Fighting
    41 | D        | Reached skill level 5 in Armour
    41 | D        | Reached XP level 4. HP: 19/39 MP: 4/4
    53 | D        | Found a roughly hewn altar of Beogh.
    53 | D        | Found a snail-covered altar of Cheibriados.
    53 | D        | Found a shadowy altar of Dithmenos.
    53 | D        | Found a white marble altar of Elyvilon.
    53 | D        | Found a blossoming altar of Fedhas.
    53 | D        | Found an opulent altar of Gozag.
    54 | D        | Found a hazy altar of Hepliaklqana.
    55 | D        | Found a viscous altar of Jiyva.
    56 | D        | Found an ancient bone altar of Kikubaaqudgha.
    57 | D        | Found a corrupted altar of Lugonu.
    58 | D        | Found a burning altar of Makhleb.
    59 | D        | Found a sparkling altar of Nemelex Xobeh.
    60 | D        | Found an iron altar of Okawaru.
    61 | D        | Found a stormy altar of Qazlal.
    62 | D        | Found a sacrificial altar of Ru.
    63 | D        | Found a shimmering blue altar of Sif Muna.
    64 | D        | Found a bloodstained altar of Trog.
    65 | D        | Found a hide-covered altar of Uskayaw.
    66 | D        | Found a radiant altar of Vehumet.
    67 | D        | Found an ornate altar of the Wu Jian Council.
    70 | D        | Became a worshipper of Makhleb the Destroyer
    73 | D        | Found a shimmering altar of Xom.
    74 | D        | Found a basalt altar of Yredelemnul.
    75 | D        | Found a glowing silver altar of Zin.
    76 | D        | Found a glowing golden altar of the Shining One.
   211 | D        | Noticed a necrophage
   211 | D        | Noticed a phantom
   211 | D        | Noticed a yak
   211 | D        | Noticed a centaur
   216 | D        | Killed a necrophage
   216 | D        | Reached skill level 5 in Maces & Flails
   216 | D        | Reached XP level 5. HP: 47/47 MP: 5/5
   237 | D        | Killed a yak
   237 | D        | Reached skill level 7 in Maces & Flails
   237 | D        | Reached skill level 1 in Dodging
   237 | D        | Reached XP level 6. HP: 15/55 MP: 6/6
   238 | D        | Reached * piety under Makhleb
   250 | D        | Reached skill level 8 in Maces & Flails
   250 | D        | Reached XP level 7. HP: 48/61 MP: 7/7
   252 | D        | Reached ** piety under Makhleb
   318 | D        | Noticed a wyvern
   318 | D        | Noticed a gargoyle
   318 | D        | Noticed a four-headed hydra
   318 | D        | Noticed a hornet
   323 | D        | Reached skill level 9 in Maces & Flails
   332 | D        | Killed a four-headed hydra
   332 | D        | Reached skill level 11 in Maces & Flails
   332 | D        | Reached skill level 10 in Shields
   332 | D        | Reached XP level 8. HP: 51/71 MP: 8/8
   339 | D        | Killed a wyvern
   339 | D        | Reached skill level 10 in Armour
   339 | D        | Reached XP level 9. HP: 56/77 MP: 9/9
   342 | D        | Killed a gargoyle
   342 | D        | Reached *** piety under Makhleb
   342 | D        | Reached skill level 12 in Maces & Flails
   359 | D        | Killed a hornet
   480 | D        | Noticed a blink frog
   480 | D        | Noticed a blink frog
   480 | D        | Noticed a cane toad
   480 | D        | Noticed a cane toad
   480 | D        | Noticed a cane toad
   483 | D        | Killed a blink frog
   483 | D        | Reached skill level 10 in Fighting
   485 | D        | Reached **** piety under Makhleb
   485 | D        | Reached skill level 13 in Maces & Flails
   490 | D        | Noticed an elephant
   496 | D        | Killed a cane toad
   501 | D        | Killed a cane toad
   501 | D        | Reached XP level 10. HP: 72/86 MP: 10/10
   503 | D        | Killed a cane toad
   507 | D        | Reached skill level 14 in Maces & Flails
   515 | D        | Killed an elephant
   523 | D        | Reached ***** piety under Makhleb
   775 | D        | Noticed a black mamba
   775 | D        | Noticed a cane toad
   775 | D        | Noticed a black mamba
   775 | D        | Noticed a cane toad
   782 | D        | Killed a black mamba
   790 | D        | Killed a cane toad
   790 | D        | Reached skill level 15 in Maces & Flails
   799 | D        | Killed a black mamba
   802 | D        | Killed a cane toad
   810 | D        | Reached XP level 11. HP: 64/95 MP: 11/11
   818 | D        | Reached ****** piety under Makhleb
  1029 | D        | Noticed a lindwurm
  1029 | D        | Noticed a lindwurm
  1069 | D        | Killed a lindwurm
  1082 | D        | Killed from afar by a lindwurm

Illustrated notes

Levels and vault maps discovered:
D:        linesprint [early_d, line_temple, items_1, d_10, items_2, lair_1,
          lair_end, items_3, orc_1, orc_end, items_4, d_15, swamp_1, shoals_1,
          snake_1, spider_1, d_20, vaults_1, items_5, swamp_end, shoals_end,
          snake_end, spider_end, vaults_end, d_27, items_6, zot_1, zot_end,
          crypt_end, forest_end, elf_end, slime_end, tomb_end, abyss_end,
          pan_hell_end]

Skill      XL: |  1  2  3  4  5  6  7  8  9 10 11 |
---------------+----------------------------------+-----
Shields        | 4 5 7 8 9 10 11 13 | 13.6
Fighting       | 4 5 6 7 9 10 11 12 | 12.5
Armour         | 4 5 6 7 8 9 10 11 12 13 | 13.2
Maces & Flails | 3 5 7 8 11 13 15 | 15.7
Dodging        | 1 2 3 |  3.3

Action                   |  1- 3 |  4- 6 |  7- 9 | 10-12 || total
-------------------------+-------+-------+-------+-------++-------
Melee: Flail             |    31 |     5 |       |       ||    36
       Dire flail        |       |    35 |    66 |   118 ||   219
  Use: Potion            |       |     1 |     1 |     2 ||     4
Armor: Scale mail        |     9 |     4 |       |       ||    13
       Chain mail        |       |    13 |    23 |    14 ||    50
Dodge: Dodged            |    13 |     4 |    16 |    20 ||    53
Block: Kite shield       |    12 |    26 |    28 |    38 ||   104

Table legend: (Time is in decaauts)
 A = Elapsed time spent in this place.
 B = Non-inter-level travel time spent in this place.
 C = Inter-level travel time spent in this place.
 D = Time resting spent in this place.
 E = Time spent auto-exploring this place.
 F = Levels seen in this place.
 G = Mean time per level.
                   A        B        C        D        E       F      G
               +--------+--------+--------+--------+--------+-----+--------+
         Total |   1028 |   1028 |      0 |    539 |      0 |   1 | 1028.0 |
       Dungeon |   1028 |   1028 |      0 |    539 |      0 |   1 | 1028.0 |
               +--------+--------+--------+--------+--------+-----+--------+

Top non-repeatable levels by time:
       D: 1028 daAuts
